 Dungeon Crawl Stone Soup version 0.30-a0-170-g85af917532 (webtiles) character file.

Game seed: 14742727911935215208

517 qw the Chopper (level 7, -4/43 HPs)
             Began as a Gargoyle Fighter on Sept 30, 2022.
             Slain by a black bear (6 damage)
             ... on level 5 of the Dungeon.
             The game lasted 00:01:34 (3924 turns).

qw the Chopper (Gargoyle Fighter)                   Turns: 3924, Time: 00:01:34

Health: -4/43      AC: 15    Str: 21    XL:     7   Next: 20%
Magic:  7/7        EV:  9    Int:  9    God:
Gold:   179        SH:  4    Dex:  9    Spells: 6/6 levels left

rFire   . . .      SeeInvis .    a - +2 war axe (elec)
rCold   . . .      Faith    .    c - +0 buckler
rNeg    + . .      Spirit   .    b - +0 scale mail
rPois   inf        Reflect  .    r - +0 helmet
rElec   +          Harm     .    q - +2 cloak {rCorr}
rCorr   +          Rampage  .    (no gloves)
Will    .....                    (no boots)
Stlth   ..........               j - amulet of regeneration
HPRegen 0.94/turn                (no ring)
MPRegen 0.10/turn                (no ring)

@: about to teleport
A: sickness immunity, AC +4, negative energy resistance 1, electricity
resistance, torment resistance 1, petrification resistance
a: no special abilities


You were on level 5 of the Dungeon.
You visited 1 branch of the dungeon, and saw 5 of its levels.

You collected 254 gold pieces.
You spent 75 gold pieces at shops.


Innate Abilities, Weirdness & Mutations

You are immune to sickness and miasma.
Your stone body is resilient. (AC +4)
You are immune to poison.
You resist negative energy. (rN+)
You are resistant to electric shocks. (rElec)
You are resistant to unholy torment.
You are immune to petrification.


   Skills:
 - Level 4.2 Fighting
 + Level 6.0 Axes
 - Level 1.0 Throwing
 - Level 3.2 Armour
 - Level 1.6 Dodging
 - Level 3.2 Shields


You had 6 spell levels left.
You didn't know any spells.
Your spell library was empty.

Inventory:

Hand Weapons
 a - a +2 war axe of electrocution (weapon)
 n - a +0 flail
Missiles
 s - 5 boomerangs (quivered)
Armour
 b - a +0 scale mail (worn)
 c - a +0 buckler (worn)
 q - a +2 cloak of preservation (worn)
 r - a +0 helmet (worn)
Jewellery
 j - an amulet of regeneration (around neck)
Scrolls
 f - 3 scrolls of identify
Potions
 d - a potion of might
 e - a potion of haste
 g - 3 potions of heal wounds
 h - a potion of mutation
 l - 2 potions of lignification
 m - 3 potions of curing
 p - a potion of attraction

Dungeon Overview and Level Annotations

Branches:
Dungeon (5/15)
 Temple: D:4-7

Altars:
Dithmenos
Gozag
Sif Muna
Trog
Zin

Shops:
D:4 *

Annotations:
D:1 1 runed translucent door
D:2 1 runed translucent door, Crazy Yiuf, Natasha


Message History

You hit the orc priest. You hit the orc. You closely miss the orc.
The orc hits you with a +0 short sword. The orc priest completely misses you.
The orc barely misses you.
Your Axes skill increases to level 6!
You hit the orc but do no damage.
The orc is heavily wounded.
You barely miss the black bear. You hit the orc.
Lightning courses through the orc!
You kill the orc!
You closely miss the orc. You barely miss the orc priest.
The orc hits you but does no damage.
The orc priest hits you but does no damage.
The orc hits you but does no damage. You block the black bear's attack.
The black bear barely misses you. You block the black bear's attack.
You hit the orc but do no damage. Lightning courses through the orc!!
You kill the orc!
You barely miss the orc priest. You hit the black bear. You hit the ogre.
You hit the orc. Lightning courses through the orc!
You kill the orc!
You block the ogre's attack. The orc priest closely misses you.
The black bear barely misses you.
The black bear claws you but does no damage. x2
You closely miss the orc priest.
The orc priest is moderately wounded.
You slash the black bear! You hit the ogre.
The orc priest calls down the wrath of Beogh upon you.
You struggle to resist.
The black bear bites you.
The black bear claws you but does no damage.
The black bear closely misses you.
The ogre hits you with a +0 giant club!!
The black bear bites you but does no damage.
The black bear claws you but does no damage.
The black bear claws you.
The orc priest hits you but does no damage.
3924 ||| READING scroll of teleportation.
As you read the scroll of teleportation, it crumbles to dust.
You feel strangely unstable.
The orc priest hits you but does no damage.
The black bear bites you.
You die...

#<###.####...>.##....
#.# #..##...##..#.....
#.# ##))#.............
#.# ##)#....###......
#.. #...............
###..####.............
#..................
#.....)....))......
#..........@h......
##......$..oO......
..............$.!>.
.....(<(............
....................
........##...#......
.... ##..#....!. ..
.....#..##


You could see a black bear, an ogre and an orc priest.

Vanquished Creatures
  A centaur (D:5)
  A phantom (D:4)
  A hound (D:3)
  An orc priest (D:5)
  Natasha (D:2)
  Ijyb (D:3)
  An orc wizard (D:3)
  Robin (D:3)
  3 gnolls (D:4)
  4 adders
  A shadow imp (D:5)
  2 white imps (D:5)
  A worm (D:3)
  20 orcs
  5 endoplasms
  4 giant cockroaches
  10 goblins
  11 hobgoblins
  9 jackals
  8 quokkas
  6 ball pythons
  8 bats
  2 frilled lizards
  4 kobolds
  7 rats
113 creatures vanquished.

Vanquished Creatures (others)
  A plant (D:3)
1 creature vanquished.

Grand Total: 114 creatures vanquished

Notes
Turn   | Place    | Note
-------+----------+-------------------------------------------
     0 | D:1      | qw the Gargoyle Fighter began the quest for the Orb.
     0 | D:1      | Reached XP level 1. HP: 14/14 MP: 1/1
     0 | D:1      | 0 ||| qw: Version: 0.2-a-13-gfc7b4b4
     0 | D:1      | 0 ||| qw: Game counter: 1661
     0 | D:1      | 0 ||| qw: Always use a shield: true
     0 | D:1      | 0 ||| qw: God list: Okawaru
     0 | D:1      | 0 ||| qw: Allow faded altars: false
     0 | D:1      | 0 ||| qw: Do Orc after D:15 true
     0 | D:1      | 0 ||| qw: Do second Lair branch before Depths: true
     0 | D:1      | 0 ||| qw: Lair rune preference: random
     0 | D:1      | 0 ||| qw: Plans: Normal, Zot:1-4, God:TSO, Crypt, Tomb,
                  | Pan, Slime:5, Hells, Abyss, Orb
     0 | D:1      | 0 ||| PLANNING D:1-11
     2 | D:1      | Found a runed translucent door.
    43 | D:1      | HP: 3/14 [quokka (3)]
    45 | D:1      | Reached skill level 2 in Axes
   372 | D:1      | Reached XP level 2. HP: 19/19 MP: 2/2
   398 | D:1      | 398 ||| Stepping ~*~*~tactically~*~*~ (stealth).
   753 | D:1      | Reached skill level 3 in Axes
  1004 | D:1      | 1004 ||| UPGRADING to +2 cloak of preservation.
  1009 | D:1      | 1009 ||| UPGRADING to amulet of guardian spirit.
  1014 | D:1      | 1014 ||| READING scroll labelled KUFFEC SE TUCS.
  1015 | D:1      | 1015 ||| READING scroll labelled NUSOLI ELAABB.
  1016 | D:1      | 1016 ||| READING scroll labelled ZIFUEWNE ZYNG.
  1117 | D:1      | 1117 ||| READING scroll labelled GAYKHLOD QUWU.
  1118 | D:1      | 1118 ||| READING scroll labelled CAMMUL INWIGIR.
  1119 | D:1      | 1119 ||| READING scroll labelled JEXZEZ UNKEU.
  1123 | D:1      | 1123 ||| READING scroll labelled SUACEI ACEUMP.
  1124 | D:1      | 1124 ||| DRINKING 2 glowing cyan potions.
  1125 | D:1      | 1125 ||| DRINKING 2 lumpy pink potions.
  1126 | D:1      | 1126 ||| DROPPING potion of brilliance.
  1244 | D:2      | Reached XP level 3. HP: 23/23 MP: 3/3
  1403 | D:2      | 1403 ||| Stepping ~*~*~tactically~*~*~ (stealth).
  1509 | D:2      | Found a bloodstained altar of Trog.
  1513 | D:2      | 1513 ||| Stepping ~*~*~tactically~*~*~ (stealth).
  1572 | D:2      | Noticed Natasha
  1573 | D:2      | 1573 ||| Stepping ~*~*~tactically~*~*~ (hiding).
  1587 | D:2      | Killed Natasha
  1588 | D:2      | Reached skill level 4 in Axes
  1588 | D:2      | Reached XP level 4. HP: 26/28 MP: 4/4
  1611 | D:2      | Found a runed translucent door.
  1612 | D:2      | Noticed Crazy Yiuf
  1827 | D:2      | Noticed Natasha
  1828 | D:2      | 1828 ||| Stepping ~*~*~tactically~*~*~ (stealth).
  1918 | D:2      | 1918 ||| DROPPING amulet of the acrobat.
  1919 | D:2      | 1919 ||| UPGRADING to amulet of regeneration.
  1929 | D:2      | 1929 ||| DROPPING amulet of guardian spirit.
  1930 | D:2      | 1930 ||| DRINKING 2 murky inky potions.
  1931 | D:2      | 1931 ||| DRINKING 2 metallic clear potions.
  1932 | D:2      | 1932 ||| READING 3 scrolls of identify.
  1932 | D:2      | 1932 ||| IDENTIFYING fizzy clear potion
  1933 | D:2      | 1933 ||| READING 2 scrolls of identify.
  1933 | D:2      | 1933 ||| IDENTIFYING emerald potion
  2002 | D:3      | Found a faded altar of an unknown god.
  2059 | D:3      | 2059 ||| DRINKING potion of curing.
  2059 | D:3      | 2059 ||| (to cure confusion)
  2073 | D:3      | Reached XP level 5. HP: 17/32 MP: 5/5
  2208 | D:3      | Reached skill level 1 in Throwing
  2377 | D:3      | Noticed Robin
  2378 | D:3      | 2378 ||| Stepping ~*~*~tactically~*~*~ (stealth).
  2382 | D:3      | Reached skill level 5 in Axes
  2405 | D:3      | Killed Robin
  2574 | D:3      | Found an opulent altar of Gozag.
  2689 | D:3      | Noticed Ijyb
  2708 | D:3      | Killed Ijyb
  2709 | D:3      | Reached XP level 6. HP: 22/38 MP: 6/6
  2730 | D:3      | 2730 ||| DROPPING +0 whip.
  2967 | D:3      | Found a shadowy altar of Dithmenos.
  2971 | D:3      | Found a glowing silver altar of Zin.
  2973 | D:3      | 2973 ||| UPGRADING to +0 helmet.
  2978 | D:3      | 2978 ||| READING scroll labelled AHIYZ SYOFU.
  2979 | D:3      | 2979 ||| READING scroll labelled VIEWUOLENU.
  2980 | D:3      | 2980 ||| READING scroll labelled JYENIYK XURO.
  3052 | D:4      | Found a shimmering blue altar of Sif Muna.
  3075 | D:4      | 3075 ||| SWAPPING to +2 war axe of electrocution.
  3076 | D:4      | 3076 ||| DROPPING +1 war axe.
  3136 | D:4      | 3136 ||| Stepping ~*~*~tactically~*~*~ (stealth).
  3276 | D:4      | Reached skill level 1 in Dodging
  3596 | D:4      | 3596 ||| DROPPING +5 spectral club.
  3631 | D:4      | 3631 ||| Stepping ~*~*~tactically~*~*~ (stealth).
  3632 | D:4      | 3632 ||| Stepping ~*~*~tactically~*~*~ (stealth).
  3807 | D:4      | Found Moewu's CLEARANCE SALE!.
  3814 | D:4      | 3814 ||| BUYING potion of heal wounds (25 gold).
  3814 | D:4      | Bought a potion of heal wounds for 25 gold pieces
  3814 | D:4      | 3814 ||| BUYING potion of heal wounds (25 gold).
  3814 | D:4      | Bought a potion of heal wounds for 25 gold pieces
  3814 | D:4      | 3814 ||| BUYING potion of lignification (15 gold).
  3814 | D:4      | Bought a potion of lignification for 15 gold pieces
  3814 | D:4      | 3814 ||| BUYING scroll of identify (10 gold).
  3814 | D:4      | Bought a scroll of identify for 10 gold pieces
  3831 | D:4      | 3831 ||| READING 4 scrolls of identify.
  3831 | D:4      | 3831 ||| IDENTIFYING smoky inky potion
  3832 | D:4      | 3832 ||| DROPPING potion of degeneration.
  3864 | D:5      | Entered Level 5 of the Dungeon
  3882 | D:5      | 3882 ||| Stepping ~*~*~tactically~*~*~ (hiding).
  3883 | D:5      | 3883 ||| Stepping ~*~*~tactically~*~*~ (hiding).
  3884 | D:5      | 3884 ||| Stepping ~*~*~tactically~*~*~ (hiding).
  3888 | D:5      | 3888 ||| Stepping ~*~*~tactically~*~*~ (hiding).
  3914 | D:5      | Noticed a black bear
  3920 | D:5      | Reached XP level 7. HP: 20/43 MP: 7/7
  3921 | D:5      | Reached skill level 6 in Axes
  3923 | D:5      | HP: 3/43 [ogre/+0 giant club (20)]
  3923 | D:5      | HP: 1/43 [black bear (2)]
  3924 | D:5      | 3924 ||| READING scroll of teleportation.
  3924 | D:5      | Slain by a black bear

Levels and vault maps discovered:
D:1:      dpeg_arrival_caged_fury, layout_basic, nicolae_figureground_sparkle
D:2:      layout_loops_cross, basic_altar, minmay_circle_x,
          uniq_crazy_yiuf_cottage, uniq_natasha
D:3:      layout_loops_corners, mainiacjoe_overflow_boulevard, minitemple,
          ebering_ecumenical_altar_webs, serial_bayou_pond_a, uniq_ijyb,
          uniq_robin
D:4:      layout_basic, mainiacjoe_overflow_alcove_4, nicolae_shop_clearance
D:5:      layout_rooms, nicolae_vehumet_altar_sigil, minmay_temple_entry_mist,
          kennysheep_generic_room_13

Skill      XL: |  1  2  3  4  5  6  7 |
---------------+----------------------+-----
Axes           | 2 3 4 5 6 |  6.0
Throwing       | 1 |  1.0
Fighting       | 4 |  4.2
Dodging        | 1 |  1.6
Armour         | |  3.2
Shields        | |  3.2

Action                   |  1- 3 |  4- 6 |  7- 9 || total
-------------------------+-------+-------+-------++-------
Melee: War axe           |   115 |   194 |     4 ||   313
Throw: Boomerang         |     8 |    15 |       ||    23
       Javelin           |       |    37 |       ||    37
  Use: Scroll            |     7 |     6 |     1 ||    14
       Potion            |     2 |     3 |       ||     5
Armor: Scale mail        |    75 |   147 |    10 ||   232
Dodge: Dodged            |    57 |    83 |     6 ||   146
Block: Buckler           |    19 |    34 |     3 ||    56

Table legend:
 A = Non-vault XP
 B = Vault XP
 C = Vault XP percentage of total XP
 D = Non-vault monster count
 E = Vault monster count
 F = Vault count percentage of total count
                 A         B        C        D         E       F
            +---------+---------+-------+---------+---------+-------
      Total |     614 |     125 |  16.9 |      96 |      17 |  15.0
            +---------+---------+-------+---------+---------+-------
        D:1 |      32 |       0 |   0.0 |      21 |       0 |   0.0
        D:2 |      16 |      56 |  77.8 |      12 |       5 |  29.4
        D:3 |     178 |      69 |  27.9 |      31 |      12 |  27.9
        D:4 |     177 |       0 |   0.0 |      19 |       0 |   0.0
        D:5 |     211 |       0 |   0.0 |      13 |       0 |   0.0
            +---------+---------+-------+---------+---------+-------
